 Dungeon Crawl Stone Soup version 0.21-a0-59-g7b0e191 (webtiles) character file.

27458366 4thArraOfDagon the Blinker (level 27, 159/166 HPs)
             Began as a Gnoll Wanderer on June 14, 2017.
             Was a High Priest of Okawaru.
             Escaped with the Orb
             ... and 15 runes on June 16, 2017!
             The game lasted 06:55:26 (54155 turns).

4thArraOfDagon the Blinker (Gnoll Wanderer)        Turns: 54155, Time: 06:55:26

Health: 159/166    AC: 14    Str: 22      XL:     27
Magic:  50/50      EV: 30    Int: 21 (24) God:    Okawaru [*****.]
Gold:   2478       SH: 10    Dex: 11      Spells: 13/54 levels left

rFire    + + +     SeeInvis +     - Unarmed
rCold    + + +     Gourm    .   F - +3 buckler {rC+}
rNeg     . . .     Faith    +   T - +2 robe {rC+ rF+}
rPois    +         Spirit   .   i - +0 helmet of the Spider Nest {rC+ Str+3 Stlth+}
rElec    +         Reflect  .   c - +0 cloak of Existentialism {rPois MR++ Dex+2 Stlth-}
rCorr    +         Harm     .   e - +0 pair of gloves of Listlessness {*Contam rElec rC+++ Str+3}
MR       +++++                  D - +2 pair of boots {run}
Stlth    ++........             r - amulet "Kuwu" {Faith rF+ MR+ MP+9}
HPRegen  0.37/turn              B - ring of Dim Light {rF++ rC+ MR+++ Dex-5 SInv}
MPRegen  0.32/turn              z - ring of Phasing {EV+8}

@: resistant, heroism, finesse, hasted, very quick
A: short attention span, fangs 1, repulsion field 1, slimy green scales 1,
blink, deformed body, fire resistance 1, frail 2, strong 2, strong nose
0: Orb of Zot
}: 15/15 runes: serpentine, barnacled, slimy, silver, golden, iron, obsidian,
icy, bone, abyssal, demonic, glowing, magical, fiery, dark
a: Blink, Heroism, Finesse, Renounce Religion


You escaped.
You worshipped Okawaru.
Okawaru was extremely pleased with you.
You were full.

You visited 17 branches of the dungeon, and saw 89 of its levels.
You visited Pandemonium 6 times, and saw 31 of its levels.
You visited the Abyss 6 times.
You also visited: Labyrinth, Sewer, Ossuary, Bailey and Ice Cave.

You collected 7070 gold pieces.
You spent 4592 gold pieces at shops.

Inventory:

Missiles
 E - 5 throwing nets (quivered)
Armour
 c - the +0 cloak of Existentialism (worn) {rPois MR++ Dex+2 Stlth-}
   (You bought it in a shop on level 10 of the Dungeon)

   It affects your dexterity (+2).
   It protects you from poison.
   It affects your resistance to hostile enchantments.
   It makes you less stealthy.
 e - the +0 pair of gloves of Listlessness (worn) {*Contam rElec rC+++ Str+3}
   (You bought it in a shop on level 10 of the Dungeon)

   It affects your strength (+3).
   It renders you almost immune to cold.
   It insulates you from electricity.
   It causes magical contamination when unequipped.
 i - the +0 helmet of the Spider Nest (worn) {rC+ Str+3 Stlth+}
   (Okawaru gifted it to you on level 2 of the Iron City of Dis)

   It affects your strength (+3).
   It protects you from cold.
   It makes you more stealthy.
 l - a +1 hat of see invisible
 D - a +2 pair of boots of running (worn)
 F - a +3 buckler of cold resistance (worn)
 T - a +2 robe of resistance (worn)
Magical Staves
 y - an uncursed staff of wizardry {!a}
Jewellery
 d - the ring of Gyudgh {rF+ SInv}
   (You took it off a deep elf demonologist on level 3 of the Elven Halls)

   [ring of protection from fire]

   It protects you from fire.
   It lets you see invisible.
 k - an uncursed amulet of regeneration
 r - the amulet "Kuwu" (around neck) {Faith rF+ MR+ MP+9}
   (You took it off Jory on level 3 of the Crypt)

   [amulet of faith]

   It allows you to gain divine favour quickly.
   It protects you from fire.
   It affects your resistance to hostile enchantments.
   It affects your magic capacity (+9).
 z - the ring of Phasing (right hand) {EV+8}
   (You found it on level 3 of the Elven Halls)

   [ring of evasion]

   It affects your evasion (+8).
 B - the ring of Dim Light (left hand) {rF++ rC+ MR+++ Dex-5 SInv}
   (You took it off a balrug in Pandemonium)

   [ring of see invisible]

   It affects your dexterity (-5).
   It greatly protects you from fire.
   It protects you from cold.
   It affects your resistance to hostile enchantments.
   It lets you see invisible.
 C - the ring "Pigeuw" {+Blink rN+ MR+ Dex-2 Stlth+}
   (You found it on level 1 of the Depths)

   [ring of stealth]

   It affects your dexterity (-2).
   It protects you from negative energy.
   It affects your resistance to hostile enchantments.
   It lets you blink.
   It makes you more stealthy.
 J - an uncursed ring of protection from cold
 X - the amulet of Qittuoxi {Reflect rElec Int+4 SH+6}
   (You took it off a deep elf high priest on level 5 of the Vaults)

   [amulet of reflection]

   It shields you and reflects attacks.
   It affects your intelligence (+4).
   It insulates you from electricity.
   It affects your SH (+6).
 Y - the ring of Qeshyir {Wiz rElec rC+ rN+ Dex-4}
   (You acquired it in Pandemonium)

   [ring of wizardry]

   It improves your spell success rate.
   It affects your dexterity (-4).
   It protects you from cold.
   It insulates you from electricity.
   It protects you from negative energy.
Wands
 m - a wand of clouds (8/9)
 V - a wand of digging (2/24)
Scrolls
 g - a scroll of summoning
 s - 9 scrolls of remove curse
 K - a scroll of holy word
 L - 3 scrolls of fear
 M - 2 scrolls of recharging
 P - a scroll of blinking
 Q - 15 scrolls of fog
 W - a scroll of teleportation
Potions
 a - 4 potions of heal wounds
 b - 5 potions of berserk rage
 f - 7 potions of brilliance
 p - 7 potions of curing
 q - 5 potions of magic
 w - 3 potions of ambrosia
 A - 10 potions of mutation
 I - 14 potions of flight
 N - 4 potions of agility
 R - a potion of resistance
 S - 3 potions of cancellation
 U - a potion of invisibility
 Z - 9 potions of might
Miscellaneous
 h - a lamp of fire
 j - a lightning rod (4/4)
 n - a fan of gales
 o - a phial of floods
 t - a figurine of a ziggurat
 u - a box of beasts
 x - 6 phantom mirrors
 G - a lamp of fire
Comestibles
 v - 8 meat rations


   Skills:
 - Level 15.4(20.4) Fighting
 - Level 11.0(16.0) Throwing
 - Level 7.2(12.2) Armour
 - Level 11.0(16.0) Dodging
 - Level 10.1(15.1) Stealth
 - Level 10.0(15.0) Shields
 - Level 15.0(20.0) Unarmed Combat
 - Level 14.0 Spellcasting
 - Level 6.5 Hexes
 - Level 8.6 Charms
 - Level 8.1 Necromancy
 - Level 17.0 Translocations
 - Level 10.1 Transmutations
 - Level 6.3 Air Magic
 - Level 10.1 Earth Magic
 - Level 12.0 Invocations
 + Level 12.0 Evocations


You had 13 spell levels left.
You knew the following spells:

 Your Spells              Type           Power        Failure   Level  Hunger
a - Apportation           Tloc           ######       0%          1    None
b - Controlled Blink      Tloc           N/A          26%         8    #######
c - Regeneration          Chrm/Necr      #####.....   1%          3    None
d - Passage of Golubria   Tloc           N/A          1%          4    None
e - Blink                 Tloc           N/A          0%          2    None
f - Statue Form           Tmut/Erth      ######...    10%         6    #####..
g - Swiftness             Chrm/Air       #####...     1%          2    None
h - Silence               Hex/Air        #####.....   9%          5    ###....
i - Deflect Missiles      Chrm/Air       #####.....   30%         6    #####..
j - Control Undead        Necr           #####.....   1%          4    None


Dungeon Overview and Level Annotations

Branches:
Dungeon (15/15)              Lair (6/6) D:10         Shoals (4/4) Lair:3
  Snake (4/4) Lair:3        Slime (5/5) Lair:5          Orc (2/2) D:10
    Elf (3/3) Orc:2        Vaults (5/5) D:13          Crypt (3/3) Vaults:3
   Tomb (3/3) Crypt:3      Depths (5/5) D:15           Hell (1/1)
    Dis (7/7) Hell            Geh (7/7) Hell            Coc (7/7) Hell
    Tar (7/7) Hell            Zot (5/5) Depths:5
 Temple: D:4-7

Altars:
Cheibriados
Fedhas
Hepliaklqana
Kikubaaqudgha
Makhleb
Okawaru
Qazlal
Ru
Sif Muna
Trog
Uskayaw
Vehumet
Wu Jian
Xom
Yredelemnul
Zin
Beogh
Jiyva

Shops:
D:4 (   D:6 ?   D:10 [=([?   Orc:2 }}?[   Elf:3 }   Snake:3 %   Vaults:1 !}(
Vaults:5 %   Depths:1 }=}

Portals:
Hell: Depths:2 Depths:3 Depths:4
Abyss: Depths:2
Pandemonium: Depths:3 Depths:5

Annotations:
D:4 exclusion: statue, Menkaure
Lair:2 Erica, Nergalle
Snake:2 Vashnia
Dis:7 Dispater, Serpent of
Hell
Geh:7 Asmodeus
Coc:7 Antaeus
Zot:5 Gloorx Vloq


Innate Abilities, Weirdness & Mutations

You have a short attention span.
You have very sharp teeth.
Your uncanny sense of smell can sniff out nearby items.
You are surrounded by a mild repulsion field. (EV +2)
You are partially covered in slimy green scales. (AC +2)
You can translocate small distances at will.
Armour fits poorly on your strangely shaped body.
Your flesh is heat resistant. (rF+)
You are very frail. (-20% HP)
Your muscles are very strong. (Str +4)


Message History

The +0 pair of gloves of Listlessness {*Contam rElec rC+++ Str+3} unmelds from your body.
Your +2 pair of boots of running unmelds from your body.
Your +2 robe of resistance unmelds from your body.
You feel quick.
You feel resistant to extremes of temperature.
Unknown command.
Your skin stops crawling.
You feel yourself speed up.
An Orb Guardian comes into view.
Unknown command.
Evoke which item? (* to show all) (? for menu, Esc to quit)
Aiming: Dig
Press: ? - help, Shift-Dir - straight line The rock shatters into small pieces.
This wand has 2 charges left.
There is a fountain of clear blue water here.
An Orb Guardian comes into view.
Unknown command.
There is a staircase leading out of the dungeon here.
Unknown command.
You have escaped!

.#...........###.......##....###.
.#...........'...###...+.#.......
)######....>.###.###...#.........
...........###..X..####..........
..########## #..⌠.....###........
..# ####.........#......... ###
######.#......#............. #
#.........X...###)........#.
######.......#..@..# ##..#.......
.....#....#........###...#.#####.
.....#....#.#....).#.....#.#####.
...........###.........#.........
#..........# #..⌠.....####.###...
###........# #.....#######)# #...
..#......### #######.......###...
..#......##### *,..#.##........
.............#####.#,#.##....####


You could see 2 Orb Guardians.

Vanquished Creatures
  the Royal Jelly (Slime:5)
  Ereshkigal (Tar:7)
  Mnoleg (Pan)
  4 ancient liches
  27 greater mummies
  Boris (Crypt:2)
  Margery (Depths:5)
  Bai Suzhen (Crypt:2)
  2 shard shrikes
  4 pandemonium lords
  2 curse toes
  Geryon (Hell)
  2 caustic shrikes (Depths:2)
  A Killer Klown (Zot:5)
  5 bone dragons
  Jory (Crypt:3)
  8 golden dragons
  the Enchantress (Depths:3)
  A doom hound (Tar:7)
  17 Brimstone Fiends
  9 Tzitzimimeh (Tar:7)
  An iron giant (Dis:7)
  A hellephant (Abyss:1)
  Jorgrun (Tomb:3)
  13 tentacled monstrosities
  7 Ice Fiends
  6 Hell Sentinels
  9 Orb Guardians
  6 titans
  An eldritch tentacle (Coc:7)
  19 liches
  A quicksilver dragon (Depths:5)
  16 acid blobs
  Murray (Hell)
  2 deep elf blademasters (Elf:3)
  9 tentacled starspawn
  3 deep elf master archers (Elf:3)
  4 death cobs
  13 sphinxes
  16 Executioners
  15 storm dragons
  9 ancient champions
  7 azure jellies
  A thorn hunter (Abyss:4)
  11 nagarajas
  14 shadow dragons
  9 tengu reavers
  A draconian monk (Zot:3)
  A daeva (Abyss:1)
  3 revenants
  22 balrugs
  A ghost moth (Abyss:4)
  20 fire giants
  2 draconian scorchers (Zot:1)
  4 draconian knights
  4 curse skulls
  2 iron dragons (Dis:7)
  14 deep elf sorcerers
  4 draconian shifters
  13 cacodemons
  A warmonger (Pan)
  5 deep elf elementalists
  14 frost giants
  17 vault wardens
  5 ghouls
  36 reapers
  3 draconian annihilators
  2 draconian stormcallers (Zot:1)
  6 blood saints (Pan)
  6 spriggan defenders
  3 war gargoyles
  21 stone giants
  9 ironheart preservers
  An elemental wellspring (Coc:7)
  30 very ugly things
  7 green draconians
  Nessos (Orc:2)
  9 lorocyprocas
  5 corrupters (Pan)
  8 bennus
  11 vampire knights
  9 deep elf demonologists
  3 black suns (Pan)
  11 purple draconians
  8 black draconians
  6 yellow draconians
  10 deep elf annihilators
  6 white draconians
  4 red draconians
  4 spark wasps
  2 dire elephants (Depths:3)
  9 merfolk javelineers
  19 ettins
  8 merfolk impalers
  20 blizzard demons
  6 deep elf death magi
  9 green deaths
  10 jiangshi
  A minotaur (Lab)
  A fire dragon (shapeshifter) (D:13)
  6 death oozes
  15 fire dragons
  11 yaktaur captains
  Erolcha (Orc:2)
  25 mummy priests
  7 deep elf high priests
  28 vault guards
  12 rakshasas
  A kraken zombie (Hell)
  3 monstrous demonspawn
  13 great orbs of eyes
  5 quicksilver dragon skeletons
  17 naga warriors
  12 ice dragons
  3 merfolk avatars
  4 hell beasts
  9 spriggan air magi
  10 anacondas
  7 hydras
  A juggernaut simulacrum (Pan)
  10 merfolk aquamancers
  8 centaur warriors
  11 dancing weapons
  25 two-headed ogres
  4 death knights
  10 death scarabs
  3 death yaks (Lair:4)
  3 satyrs
  9 tengu warriors
  29 hell hogs
  14 naga sharpshooters
  13 ogre magi
  13 vampire magi
  4 deep troll shamans
  9 thrashing horrors
  3 titan zombies
  6 shock serpents
  3 deep troll earth magi
  Urug (Lair:3)
  14 spriggan berserkers
  38 spriggans
  13 deep elf knights
  6 storm dragon zombies
  13 soul eaters
  An iron golem (Geh:7)
  16 wretched stars
  45 sun demons
  30 skeletal warriors
  2 salamander mystics
  An iron troll (Dis:7)
  4 shadow wraiths (Pan)
  31 hell knights
  A spatial maelstrom (Abyss:4)
  6 spriggan druids (Depths:3)
  14 sixfirhies
  A titan skeleton (Geh:6)
  A ghost moth zombie (Dis:4)
  6 anaconda zombies
  10 flayed ghosts
  7 naga ritualists
  2 storm dragon skeletons
  44 large abominations
  7 glowing orange brains
  3 torturous demonspawn
  18 sea snakes
  7 unseen horrors
  5 infernal demonspawn (Pan)
  5 golden dragon zombies
  2 swamp dragons
  A quicksilver dragon simulacrum (Crypt:2)
  7 gelid demonspawn (Pan)
  5 deep trolls
  6 deep elf archers
  4 orc knights
  2 lindwurms (Lair:6)
  10 necromancers
  8 ironbrand convokers
  24 phantasmal warriors
  4 harpies
  13 shadow demons
  A kraken simulacrum (Shoals:4)
  An anaconda skeleton (Hell)
  A harpy (shapeshifter) (Vaults:4)
  A lindwurm (shapeshifter) (D:13)
  4 wizards
  A shadow dragon zombie (Dis:6)
  3 iron dragon zombies
  A wolf spider (shapeshifter) (Vaults:5)
  A mana viper (shapeshifter) (Vaults:5)
  5 mana vipers
  5 wolf spider zombies
  2 shadow dragon skeletons
  3 stone giant zombies
  18 ugly things
  6 shining eyes
  2 wolf spiders
  13 fauns
  38 deep elf magi
  3 frost giant zombies
  3 iron dragon skeletons
  4 cyclopes
  13 manticores
  12 salamanders
  12 orc sorcerers
  A frost giant skeleton (Geh:5)
  5 worldbinders
  3 centaur zombies
  4 stone giant skeletons
  3 apocalypse crabs
  4 fire giant zombies
  8 moths of wrath
  3 ice statues
  Joseph (D:9)
  4 elephants (Lair:6)
  6 water nymphs
  8 merfolk sirens
  A shock serpent zombie (Crypt:2)
  26 smoke demons
  7 molten gargoyles (Geh:7)
  A fire giant skeleton (Tomb:2)
  Psyche (D:9)
  24 guardian serpents
  8 eyes of devastation
  5 torpor snails (Lair:6)
  21 black mambas
  4 dire elephant zombies
  12 naga magi
  11 rust devils
  A gargoyle (D:15)
  An alligator snapping turtle zombie (Crypt:3)
  18 orange demons
  Maurice (Orc:2)
  5 vault sentinels
  A titan simulacrum (Hell)
  4 dire elephant skeletons
  A spiny frog (shapeshifter) (Depths:2)
  13 hellions
  2 catoblepas zombies
  8 efreet
  2 yaktaurs (shapeshifter)
  A rime drake (shapeshifter) (Depths:2)
  10 spiny frogs
  67 yaktaurs
  15 freezing wraiths
  A white draconian zombie (Crypt:3)
  4 kobold demonologists
  6 rime drakes
  8 komodo dragons
  10 demonic crawlers
  7 ancient zymes
  16 hellwings
  21 ice devils
  20 red devils
  37 guardian mummies
  23 tormentors
  7 trolls
  27 hornets
  3 meliai (D:13)
  4 tengu conjurers (Depths:3)
  16 polar bears
  A harpy zombie (Crypt:3)
  3 meliai (shapeshifter)
  4 hydra zombies
  32 merfolk
  A minotaur skeleton (Coc:7)
  6 snapping turtles
  4 hydra skeletons
  2 silent spectres
  A queen bee (D:13)
  3 tyrant leeches (Lair:6)
  13 wind drakes
  61 slime creatures
  5 ice dragon zombies
  3 blink frogs (Lair:6)
  2 fire dragon zombies
  2 slime creatures (shapeshifter)
  A raiju (shapeshifter) (D:14)
  A dream sheep (shapeshifter) (Abyss:4)
  4 alligator zombies
  A stone giant simulacrum (Crypt:2)
  A fire giant simulacrum (Crypt:2)
  85 flying skulls
  A spriggan (shapeshifter) (Depths:5)
  A black mamba zombie (Geh:3)
  9 hippogriffs
  15 raiju
  2 ice dragon skeletons
  An iron dragon simulacrum (Abyss:4)
  5 air elementals
  An alligator skeleton (Geh:7)
  A redback (shapeshifter) (Depths:2)
  7 ynoxinuls (Pan)
  38 starcursed masses
  6 fire dragon skeletons
  25 vampires (Crypt:3)
  7 ettin skeletons
  14 wraiths
  2 wyverns
  34 water elementals
  22 shadows
  4 hogs (D:7)
  A yak (shapeshifter) (Vaults:2)
  A wyvern (shapeshifter) (D:13)
  A tyrant leech zombie (Crypt:2)
  A black mamba skeleton (Tar:7)
  28 ushabtiu
  2 steam dragons
  A human (D:7)
  36 yaks
  15 neqoxecs
  A golden eye (shapeshifter) (Vaults:3)
  7 golden eyes
  16 fire elementals
  7 basilisks
  3 hungry ghosts
  12 vampire mosquitoes
  4 chaos spawn
  A hog (shapeshifter) (Depths:2)
  A monstrous demonspawn zombie (Coc:7)
  3 wargs
  2 hydra simulacra (Hell)
  8 insubstantial wisps
  A harpy simulacrum (Hell)
  38 nagas
  39 hell hounds
  2 acid dragons
  4 spiny frog zombies
  13 water moccasins
  A floating eye (Depths:2)
  A spiny frog skeleton (Tar:7)
  Purgy (Sewer)
  5 porcupines
  A sky beast (D:12)
  7 ice beasts
  A merfolk skeleton (Geh:7)
  26 orc warriors
  A black bear (shapeshifter) (Vaults:3)
  A snapping turtle zombie (Hell)
  2 swamp drakes (Lair:6)
  A manticore zombie (Hell)
  A swamp dragon zombie (Coc:7)
  5 eyes of draining
  8 boggarts
  2 phantoms
  14 necrophages
  23 centaurs
  A centaur (shapeshifter) (Depths:5)
  38 wolves
  39 ogres
  3 snapping turtle skeletons
  10 crocodiles
  2 big kobolds
  A hippogriff zombie (Crypt:2)
  9 bullfrogs
  A spiny frog simulacrum (Coc:7)
  A wyvern skeleton (D:11)
  A queen bee zombie (Crypt:3)
  4 scorpions
  A water moccasin skeleton (D:8)
  35 killer bees
  25 wights
  2 spriggan skeletons
  2 electric eels (Bailey)
  5 crimson imps
  2 bullfrog zombies
  16 small abominations
  3 quasits
  2 human zombies (Ossuary)
  2 jellies
  17 orc priests
  5 hounds
  7 iron imps
  37 orc wizards
  2 bullfrog skeletons
  4 centaur skeletons
  3 iguanas
  A human skeleton (Geh:7)
  6 worker ants
  2 big kobold zombies
  2 crocodile skeletons
  A hound skeleton (D:4)
  3 hound zombies
  43 mummies
  13 gnolls
  A howler monkey skeleton (D:5)
  6 adders
  3 shadow imps
  3 white imps
  2 ufetubi
  An ooze (D:3)
  An ooze (shapeshifter) (Vaults:5)
  An adder zombie (Ossuary)
  A halfling skeleton (Crypt:2)
  4 worms
  4 leopard geckos
  103 orcs
  2 bats
  A bat skeleton (Crypt:2)
  5 giant cockroaches
  17 goblins
  18 hobgoblins
  7 jackals (D:4)
  12 kobolds
  A quokka (D:10)
  2 ball pythons
  5 frilled lizards (D:2)
  A gnoll zombie (Ossuary)
  A goblin zombie (Ossuary)
  2 hobgoblin zombies (Ossuary)
  A jackal skeleton (D:7)
  A kobold zombie (Ossuary)
  An orc zombie (Geh:5)
  4 rats
  A rat zombie (Ossuary)
  A river rat zombie (Crypt:2)
  A crawling corpse (Vaults:5)
  5 plants
  A starspawn tentacle (Abyss:1)
  4 tentacles
3567 creatures vanquished.

Vanquished Creatures (collateral kills)
  A deep elf annihilator (Elf:3)
  A quicksilver dragon zombie (Dis:7)
  A deep elf archer (Elf:3)
  A merfolk (Shoals:1)
  A slime creature (Slime:3)
  An orc warrior (D:11)
  2 hounds (D:11)
  2 orcs (D:11)
10 creatures vanquished.

Vanquished Creatures (others)
  A tentacled monstrosity (Vaults:5)
  5 eldritch tentacles
  A shadow dragon (Tar:7)
  A merfolk javelineer (Depths:1)
  A yaktaur captain (Vaults:2)
  A death scarab (Tomb:1)
  A spriggan berserker (Depths:3)
  A wretched star (Abyss:4)
  A sixfirhy (Pan)
  A torturous demonspawn (Pan)
  A stone giant skeleton (Tomb:2)
  A smoke demon (Geh:7)
  A catoblepas zombie (Tomb:2)
  A freezing wraith (Abyss:3)
  7 yaktaurs
  An ettin zombie (Tomb:2)
  9 flying skulls
  A fire dragon skeleton (Tomb:2)
  2 wraiths
  A chaos spawn (Abyss:3)
  3 hell hounds (Abyss:3)
  A merfolk skeleton (Hell)
  A sky beast (D:10)
  A small abomination (Abyss:4)
  A centaur (Depths:3)
  3 boggarts (Depths:1)
  A wight (Geh:7)
  An iron imp (Dis:7)
  A jelly (D:13)
  An orc priest (Orc:1)
  2 orc wizards (Orc:2)
  6 mummies
  An adder (D:2)
  A shadow imp (D:13)
  5 ball lightnings
  2 orcs
  A hobgoblin (D:2)
  A bat (D:2)
  A rat (D:2)
  14 fungi
  A lurking horror (Abyss:4)
  67 plants
  26 starspawn tentacles
  9 tentacles
190 creatures vanquished.

Grand Total: 3767 creatures vanquished

Notes
Turn   | Place    | Note
-------+----------+-------------------------------------------
     0 | D:1      | 4thArraOfDagon the Gnoll Wanderer began the quest for the Orb.
     0 | D:1      | 4thArraOfDagon set off with: a potion of heal wounds, a potion of berserk rage, Inebikli's Reference Book on Dislocation, a potion of lignification, a +0 robe, a +0 dagger, a bread ration
     0 | D:1      | Reached XP level 1. HP: 13/13 MP: 3/3
     9 | D:1      | Identified Inebikli's Reference Book on Dislocation
    11 | D:1      | Learned a level 1 spell: Apportation
   303 | D:1      | Reached XP level 2. HP: 19/19 MP: 4/4
   542 | D:2      | Reached skill level 5 in Unarmed Combat
   622 | D:2      | Reached XP level 3. HP: 18/24 MP: 5/5
   653 | D:2      | Found a faded altar of an unknown god.
  1260 | D:4      | Found a radiant altar of Vehumet.
  1260 | D:4      | Noticed a charred statue
  1285 | D:4      | Reached XP level 4. HP: 29/30 MP: 6/6
  1345 | D:4      | Found an iron altar of Okawaru.
  1368 | D:4      | Reached XP level 5. HP: 35/35 MP: 7/7
  1379 | D:4      | Became a worshipper of Warmaster Okawaru
  1442 | D:4      | Found Hein's Weapon Emporium.
  1492 | D:4      | Found a glowing drain.
  1501 | Sewer    | Entered a sewer
  1573 | Sewer    | Noticed Purgy
  1583 | Sewer    | Killed Purgy
  1583 | Sewer    | Reached XP level 6. HP: 36/41 MP: 8/8
  1643 | Sewer    | Reached * piety under Okawaru
  1797 | D:4      | Noticed Menkaure
  1880 | D:5      | Entered Level 5 of the Dungeon
  2133 | D:5      | Found a sand-covered staircase.
  2145 | Ossuary  | Entered an ossuary
  2222 | Ossuary  | Reached XP level 7. HP: 39/46 MP: 9/9
  2235 | Ossuary  | Reached skill level 5 in Shields
  2440 | D:5      | Found a deep blue altar of Sif Muna.
  2446 | D:5      | Found a blossoming altar of Fedhas.
  2517 | D:6      | Reached skill level 1 in Fighting
  2536 | D:6      | You fall through a shaft for 2 floors!
  2635 | D:7      | Reached ** piety under Okawaru
  2651 | D:7      | Reached skill level 5 in Invocations
  2680 | D:7      | Found a sacrificial altar of Ru.
  2708 | D:7      | Reached XP level 8. HP: 47/58 MP: 11/11
  2754 | D:7      | Reached skill level 5 in Dodging
  2877 | D:7      | Reached *** piety under Okawaru
  2877 | D:7      | Reached skill level 5 in Fighting
  3038 | D:7      | Reached XP level 9. HP: 52/68 MP: 13/13
  3071 | D:6      | Found Caotosi's Magic Scroll Boutique.
  3100 | D:6      | Bought a scroll of magic mapping for 45 gold pieces
  3100 | D:6      | Bought a scroll of teleportation for 39 gold pieces
  3100 | D:6      | Bought a scroll of blinking for 97 gold pieces
  3100 | D:6      | Bought a scroll of identify for 26 gold pieces
  3264 | D:6      | Found Pikkaq's Assorted Antiques.
  3393 | D:6      | Found a burning altar of Makhleb.
  3878 | D:8      | Found a glowing silver altar of Zin.
  4005 | D:9      | Noticed Joseph
  4025 | D:9      | Killed Joseph
  4025 | D:9      | Reached **** piety under Okawaru
  4179 | D:8      | Reached XP level 10. HP: 73/77 MP: 15/15
  4296 | D:9      | Noticed Psyche
  4300 | D:9      | Killed Psyche
  4343 | D:9      | Reached ***** piety under Okawaru
  4343 | D:9      | Reached skill level 10 in Unarmed Combat
  4468 | D:9      | Noticed a brown ugly thing
  4477 | D:9      | Killed a brown ugly thing
  4555 | D:10     | Entered Level 10 of the Dungeon
  4596 | D:10     | Noticed a red ugly thing
  4604 | D:10     | Killed a red ugly thing
  4612 | D:10     | Got a scorched dagger
  4621 | D:10     | Got a sapphire-encrusted chain mail
  4636 | D:10     | Identified the +1 chain mail of Kusire Qisch {rPois} (You found it on level 10 of the Dungeon)
  4763 | D:10     | Reached skill level 1 in Armour
  4782 | D:10     | Received a gift from Okawaru
  4783 | D:10     | Got a pitted demon blade {god gift}
  4784 | D:10     | Identified the +8 demon blade of False Accusations {slice, +Rage rElec} (Okawaru gifted it to you on level 10 of the Dungeon)
  4860 | D:10     | Found a staircase to the Lair.
  4865 | Lair:1   | Entered Level 1 of the Lair of Beasts
  4939 | Lair:1   | Noticed a spiny frog
  4948 | Lair:1   | Killed a spiny frog
  5003 | Lair:1   | Reached XP level 11. HP: 78/86 MP: 15/17
  5131 | Lair:1   | Noticed a four-headed hydra
  5145 | Lair:1   | Killed a four-headed hydra
  5195 | Lair:2   | Noticed a seven-headed hydra
  5207 | Lair:2   | Killed a seven-headed hydra
  5228 | Lair:2   | Noticed an eight-headed hydra
  5297 | Lair:3   | Noticed Urug
  5547 | Lair:2   | Noticed Erica
  5551 | Lair:2   | Noticed Nergalle
  5552 | Lair:2   | Noticed a six-headed hydra
  5717 | D:10     | Found Ycanis's Armour Boutique.
  5762 | D:10     | Reached skill level 5 in Armour
  5841 | D:10     | Received a gift from Okawaru
  5846 | D:10     | Got an ancient morningstar {god gift}
  5847 | D:10     | Identified the +7 morningstar of Oenomania {flame, +Rage rC++ Str+4 Int-2} (Okawaru gifted it to you on level 10 of the Dungeon)
  5854 | D:10     | Found Hutuh's Antique Weapon Boutique.
  5865 | D:10     | Found Lyloj's Antique Armour Emporium.
  5870 | D:10     | Bought an encrusted cloak for 247 gold pieces
  5870 | D:10     | Bought a pair of transparent gloves for 247 gold pieces
  5888 | D:10     | Identified the +0 cloak of Existentialism {rPois MR++ Dex+2 Stlth-} (You bought it in a shop on level 10 of the Dungeon)
  5899 | D:10     | Identified the +0 pair of gloves of Listlessness {*Contam rElec rC+++ Str+3} (You bought it in a shop on level 10 of the Dungeon)
  6064 | D:10     | Found Razem's Jewellery Shop.
  6210 | D:10     | Found Ticzess's Magic Scroll Emporium.
  6220 | D:10     | Bought a scroll of magic mapping for 52 gold pieces
  6229 | D:11     | Noticed a cyclops
  6243 | D:11     | Killed a cyclops
  6254 | D:11     | You fall through a shaft for 3 floors!
  6287 | D:14     | Killed an unseen horror
  6289 | D:14     | Noticed a centaur warrior
  6306 | D:14     | Killed a centaur warrior
  6306 | D:14     | Received a gift from Okawaru
  6306 | D:14     | Reached XP level 12. HP: 34/94 MP: 16/18
  6373 | D:14     | Gained mutation: You have a pair of small horns on your head. [mutagenic meat]
  6374 | D:14     | Gained mutation: Your flesh is heat resistant. (rF+) [mutagenic meat]
  6375 | D:14     | Gained mutation: You are frail. (-10% HP) [mutagenic meat]
  6376 | D:14     | Lost mutation: You have a pair of small horns on your head. [mutagenic meat]
  6391 | D:14     | Lost mutation: Your flesh is heat resistant. (rF+) [potion of mutation]
  6391 | D:14     | Lost mutation: You are frail. (-10% HP) [potion of mutation]
  6391 | D:14     | Gained mutation: Your flesh is heat resistant. (rF+) [potion of mutation]
  6391 | D:14     | Gained mutation: You occasionally shout uncontrollably at your foes. [potion of mutation]
  6391 | D:14     | Gained mutation: You evolve. [potion of mutation]
  6391 | D:14     | Gained mutation: You rapidly evolve. [potion of mutation]
  6399 | D:14     | Found a labyrinth entrance.
  6408 | Lab      | Entered a labyrinth
  7360 | Lab      | Noticed a minotaur
  7376 | Lab      | Killed a minotaur
  7378 | Lab      | Got a faintly glowing long sword {pain}
  7381 | Lab      | Identified the +7 long sword "Askusm" {pain, Int+5 Dex-2 SInv} (You took it off a minotaur in a labyrinth)
  7388 | Lab      | Got a jewelled war axe
  7389 | Lab      | Identified the +5 war axe "Zinei" {chop, Fragile rC+ rN++ Stlth+} (You found it in a labyrinth)
  7403 | Lab      | Learned a level 8 spell: Controlled Blink
  7590 | D:12     | Found a flagged portal.
  7628 | Bailey   | Entered a bailey
  7673 | Bailey   | Found an iron altar of Okawaru.
  7694 | Bailey   | Gained mutation: You are partially covered in slimy green scales. (AC +2) [evolution]
  7883 | Bailey   | Got a pair of distressingly furry gloves
  8548 | D:12     | Received a gift from Okawaru
  8676 | D:12     | Got an ichor-stained war axe
  8682 | D:12     | Identified the +5 war axe of Action {protect, rC+ Int+2 Dex-5} (You found it on level 12 of the Dungeon)
  8689 | D:12     | Gained mutation: You can translocate small distances at will. [evolution]
  8782 | D:12     | Reached XP level 13. HP: 99/101 MP: 20/20
  8866 | D:13     | Reached skill level 10 in Shields
  8939 | D:13     | Noticed a storm dragon
  8945 | D:13     | Noticed an emperor scorpion
  8945 | D:13     | a storm dragon changed into an emperor scorpion
  8952 | D:13     | Noticed an entropy weaver
  8952 | D:13     | an emperor scorpion changed into an entropy weaver
  8961 | D:13     | Noticed an ice dragon
  8961 | D:13     | an entropy weaver changed into an ice dragon
  8967 | D:13     | an ice dragon changed into an alligator
  8982 | D:13     | Noticed a fire dragon
  8982 | D:13     | a queen ant changed into a fire dragon
  8985 | D:13     | Killed a fire dragon
  9082 | D:13     | Found a gate to the Vaults.
  9222 | D:13     | Reached ****** piety under Okawaru
  9340 | D:13     | Received a gift from Okawaru
  9344 | D:13     | Got a dazzling lajatang {god gift}
  9466 | D:14     | Found a shimmering altar of Xom.
  9478 | D:15     | Entered Level 15 of the Dungeon
  9816 | D:15     | Reached skill level 10 in Invocations
  9843 | D:15     | Found a stormy altar of Qazlal.
 10050 | D:15     | Reached skill level 10 in Dodging
 10154 | D:15     | Gained mutation: You have a pair of small horns on your head. [evolution]
 10291 | D:13     | Learned a level 3 spell: Regeneration
 10378 | D:13     | Reached skill level 10 in Fighting
 10428 | D:13     | Reached XP level 14. HP: 109/110 MP: 19/21
 10604 | D:13     | Received a gift from Okawaru
 10817 | D:10     | Found a staircase to the Orcish Mines.
 10841 | D:10     | Found a roughly hewn altar of Beogh.
 10876 | Orc:1    | Entered Level 1 of the Orcish Mines
 10961 | Orc:2    | Entered Level 2 of the Orcish Mines
 11025 | Orc:1    | Found a frozen archway.
 11042 | IceCv    | Entered an ice cave
 11255 | IceCv    | Noticed a frost giant
 11270 | IceCv    | Killed a frost giant
 11689 | Orc:2    | Noticed Maurice
 11708 | Orc:2    | Killed Maurice
 11717 | Orc:2    | Noticed Nessos
 11737 | Orc:2    | Killed Nessos
 11737 | Orc:2    | Reached skill level 1 in Evocations
 11751 | Orc:2    | Found a staircase to the Elven Halls.
 12118 | Orc:2    | Noticed Erolcha
 12240 | Orc:1    | Reached skill level 5 in Evocations
 12353 | Orc:2    | Killed Erolcha
 12353 | Orc:2    | Reached XP level 15. HP: 113/117 MP: 22/22
 12394 | Orc:2    | Gained mutation: You are agile. (Dex +2) [evolution]
 12396 | Orc:2    | Found Wicax's Magic Scroll Emporium.
 12414 | Orc:2    | Found an ancient bone altar of Kikubaaqudgha.
 12420 | Orc:2    | Found Soudyn's Gadget Emporium.
 12439 | Orc:2    | Found a radiant altar of Vehumet.
 12479 | Orc:2    | Found Deur's Gadget Emporium.
 12480 | Orc:2    | Found a roughly hewn altar of Beogh.
 12481 | Orc:2    | Found Todit Rye's Antique Armour Shoppe.
 12547 | Orc:2    | Bought a scroll of blinking for 105 gold pieces
 12547 | Orc:2    | Bought a scroll of acquirement for 728 gold pieces
 12547 | Orc:2    | Bought a scroll of blinking for 105 gold pieces
 12547 | Orc:2    | Bought 2 scrolls of magic mapping for 98 gold pieces
 12547 | Orc:2    | Bought a scroll of blinking for 105 gold pieces
 12547 | Orc:2    | Bought a scroll of identify for 28 gold pieces
 12547 | Orc:2    | Bought a scroll of fog for 28 gold pieces
 12547 | Orc:2    | Identified the -1 pair of gloves "Wetuuvunyss" {*Contam Str+4 Dex+4} (You acquired it in a bailey)
 12616 | Elf:1    | Entered Level 1 of the Elven Halls
 12627 | Elf:1    | Reached skill level 1 in Necromancy
 12633 | Orc:2    | Reached skill level 1 in Charms
 12701 | Elf:1    | Received a gift from Okawaru
 12924 | Elf:1    | Reached skill level 5 in Necromancy
 12959 | Elf:1    | Reached skill level 5 in Charms
 13166 | Elf:1    | Identified a +1 pair of boots of running (You acquired it on level 1 of the Elven Halls)
 13283 | Elf:3    | Entered Level 3 of the Elven Halls
 13347 | Elf:3    | Found Woariada's Gadget Emporium.
 13348 | Elf:3    | Noticed a deep elf sorcerer
 13367 | Elf:3    | Killed a deep elf sorcerer
 13717 | Elf:3    | Noticed a deep elf sorcerer
 13732 | Elf:3    | Killed a deep elf sorcerer
 13732 | Elf:3    | Received a gift from Okawaru
 13741 | Elf:3    | Reached skill level 5 in Spellcasting
 13748 | Elf:3    | Noticed a deep elf elementalist
 13791 | Elf:3    | Killed a deep elf elementalist
 13794 | Elf:3    | Noticed a deep elf sorcerer
 13810 | Elf:3    | Killed a deep elf sorcerer
 13833 | Elf:3    | Noticed a deep elf sorcerer
 13835 | Elf:3    | Killed a deep elf sorcerer
 13837 | Elf:3    | Noticed a deep elf master archer
 13849 | Elf:3    | Killed a deep elf master archer
 13880 | Elf:3    | Noticed a deep elf sorcerer
 13883 | Elf:3    | Killed a deep elf sorcerer
 13883 | Elf:3    | Reached XP level 16. HP: 73/123 MP: 23/26
 13920 | Elf:3    | Noticed a deep elf blademaster
 13931 | Elf:3    | Killed a deep elf blademaster
 13993 | Elf:3    | Received a gift from Okawaru
 14060 | Elf:3    | Noticed a deep elf blademaster
 14089 | Elf:3    | Killed a deep elf blademaster
 14146 | Elf:3    | Reached skill level 10 in Spellcasting
 14220 | Elf:3    | Noticed a deep elf master archer
 14246 | Elf:3    | Killed a deep elf master archer
 14249 | Elf:3    | Cast into level 3 of the Abyss (a deep elf sorcerer)
 14306 | Abyss:3  | Gained mutation: You have extremely sharp teeth. [evolution]
 14306 | Abyss:3  | Lost mutation: You rapidly evolve. [decline of evolution]
 14324 | Abyss:3  | Noticed a tentacled starspawn
 14337 | Abyss:3  | Killed a tentacled starspawn
 14443 | Abyss:4  | Found a corrupted altar of Lugonu.
 14488 | Abyss:4  | Noticed a tentacled starspawn
 14498 | Abyss:5  | Entered Level 5 of the Abyss
 14525 | Abyss:5  | Learned a level 4 spell: Passage of Golubria
 14528 | Abyss:5  | Learned a level 2 spell: Blink
 14649 | Abyss:5  | Reached skill level 1 in Translocations
 14652 | Abyss:5  | Noticed a bone dragon
 14768 | Abyss:5  | Reached skill level 2 in Translocations
 14792 | Abyss:5  | Reached skill level 3 in Translocations
 14811 | Abyss:5  | Reached skill level 4 in Translocations
 14827 | Abyss:5  | Reached skill level 5 in Translocations
 14853 | Abyss:5  | Reached skill level 6 in Translocations
 14857 | Elf:3    | Escaped the Abyss
 14862 | Elf:3    | Reached XP level 17. HP: 125/129 MP: 19/31
 14912 | Elf:3    | Noticed a deep elf master archer
 14947 | Elf:3    | Killed a deep elf master archer
 14947 | Elf:3    | Reached skill level 7 in Translocations
 15165 | Elf:3    | Got an uncursed crude bardiche {chop}
 15188 | Elf:3    | Got a smoking zirconium amulet
 15220 | Elf:3    | Identified the amulet "Tiurphes" {Spirit *Contam MR+ Dex+4} (You took it off a deep elf death mage on level 3 of the Elven Halls)
 15227 | Elf:3    | Got a crude scale mail
 15230 | Elf:3    | Got a pair of translucent gloves
 15247 | Elf:3    | Learned a level 6 spell: Statue Form
 15264 | Elf:3    | Identified the cursed +1 scale mail of the Lily {rCorr Str+2 Slay-5} (You found it on level 3 of the Elven Halls)
 15341 | Elf:3    | Got a heavily runed glass ring
 15352 | Elf:3    | Identified the Volume of Levity
 15381 | Elf:3    | Identified the ring of Gyudgh {rF+ SInv} (You took it off a deep elf demonologist on level 3 of the Elven Halls)
 15391 | Elf:3    | Learned a level 2 spell: Swiftness
 15404 | Elf:3    | Got a distressingly furry plate armour
 15416 | Elf:3    | Identified the cursed +0 plate armour of Wanlaff {Dex+3} (You found it on level 3 of the Elven Halls)
 15467 | Elf:3    | Got a brightly glowing robe {god gift}
 15478 | Elf:3    | Identified the +1 robe of a ziggurat {-Cast Dex+7} (Okawaru gifted it to you on level 3 of the Elven Halls)
 15590 | Elf:2    | Identified the +2 pair of gloves of Vekoryoc {rC+} (You found it on level 3 of the Elven Halls)
 15692 | Elf:1    | Received a gift from Okawaru
 15692 | Elf:1    | Reached skill level 5 in Transmutations
 15692 | Elf:1    | Reached skill level 5 in Earth Magic
 15838 | Elf:1    | Identified the +4 bardiche of Qazlal's Hope {chop, +Blink rElec Int-5} (You took it off a deep elf archer on level 3 of the Elven Halls)
 16095 | D:6      | Bought a scroll of acquirement for 676 gold pieces
 16096 | D:6      | Got a warped zirconium amulet
 16098 | D:6      | Identified the amulet "Ixis Nie" {+Rage Int+5 Dex+2} (You acquired it on level 6 of the Dungeon)
 16295 | Lair:3   | Killed Urug
 16327 | Lair:3   | Found a staircase to the Shoals.
 16375 | Shoals:1 | Entered Level 1 of the Shoals
 17031 | Shoals:3 | HP: 3/167 [merfolk aquamancer/shard of ice (41)]
 17396 | Shoals:3 | Received a gift from Okawaru
 17449 | Shoals:4 | Entered Level 4 of the Shoals
 17497 | Shoals:3 | Reached XP level 18. HP: 136/136 MP: 26/32
 17912 | Shoals:4 | Got a crude broad axe
 18118 | Shoals:4 | Got a barnacled rune of Zot
 18139 | Shoals:4 | Identified the +1 broad axe "Midwaobb" {holy, -Tele Str+7} (You found it on level 4 of the Shoals)
 18168 | Shoals:4 | Reached skill level 10 in Transmutations
 18187 | Shoals:4 | Reached skill level 10 in Earth Magic
 18350 | Shoals:4 | Received a gift from Okawaru
 18639 | Lair:4   | Found a stormy altar of Qazlal.
 18868 | Lair:3   | Found a staircase to the Snake Pit.
 18885 | Snake:1  | Entered Level 1 of the Snake Pit
 18917 | Snake:2  | Noticed Vashnia
 19023 | Snake:2  | Gained mutation: You possess an exceptional clarity of mind. [evolution]
 19264 | Snake:3  | Found a snail-covered altar of Cheibriados.
 19293 | Snake:4  | Entered Level 4 of the Snake Pit
 19373 | Snake:4  | Received a gift from Okawaru
 19376 | Snake:4  | Reached XP level 19. HP: 142/142 MP: 26/33
 19395 | Snake:4  | Reached skill level 5 in Stealth
 19670 | Snake:4  | Received a gift from Okawaru
 20028 | Snake:4  | Got a serpentine rune of Zot
 20130 | Snake:3  | Found Teuhiov's Food Shoppe.
 20424 | Snake:1  | Reached XP level 20. HP: 150/150 MP: 27/34
 20436 | Snake:1  | Received a gift from Okawaru
 20666 | Lair:6   | Entered Level 6 of the Lair of Beasts
 20912 | Lair:6   | Found a runed door.
 20982 | Lair:6   | Received a gift from Okawaru
 21128 | Lair:6   | Identified the +1 great mace of Hospitality {freeze, rPois rF+ Str-2} (You found it on level 6 of the Lair of Beasts)
 21241 | Lair:5   | Found a viscous altar of Jiyva.
 21242 | Lair:5   | Found a staircase to the Slime Pits.
 21267 | Slime:1  | Entered Level 1 of the Pits of Slime
 21483 | Slime:2  | Lost mutation: You occasionally shout uncontrollably at your foes. [evolution]
 21508 | Slime:3  | Gained mutation: Your spells are a little easier to cast, but a little less powerful. [a shining eye]
 21716 | Slime:4  | Received a gift from Okawaru
 21953 | Slime:5  | Entered Level 5 of the Pits of Slime
 22130 | Slime:5  | Found a viscous altar of Jiyva.
 22131 | Slime:5  | Noticed the Royal Jelly
 22151 | Slime:5  | Killed the Royal Jelly
 22151 | Slime:5  | Reached XP level 21. HP: 158/158 MP: 19/35
 22332 | Slime:5  | Identified the amulet "Ecirut" {Inacc rElec} (You found it on level 5 of the Pits of Slime)
 22344 | Slime:5  | Received a gift from Okawaru
 22345 | Slime:5  | Identified the +4 plate armour of Ridal {rC+} (Okawaru gifted it to you on level 5 of the Pits of Slime)
 22346 | Slime:5  | Got a slimy rune of Zot
 22353 | Slime:5  | Got a pair of ichor-stained gloves
 22386 | Slime:5  | Identified the Volume of Creative Moulding
 22406 | Slime:5  | Got a warped leather armour
 22426 | Slime:5  | Identified the +2 pair of gloves of the Eight Boll Weevils {rElec} (You found it on level 5 of the Pits of Slime)
 22449 | Slime:5  | Learned a level 5 spell: Silence
 22467 | Slime:5  | Identified the +3 leather armour of an ice cave {Slay+2} (You found it on level 5 of the Pits of Slime)
 22983 | Vaults:1 | Entered Level 1 of the Vaults
 23096 | Vaults:1 | Gained mutation: You are surrounded by a mild repulsion field. (EV +2) [evolution]
 23096 | Vaults:1 | Lost mutation: You evolve. [end of evolution]
 23266 | Vaults:1 | Found Rissit's Antique Weapon Shoppe.
 23268 | Vaults:1 | Found Niel's Distillery.
 23269 | Vaults:1 | Found Okhlydeg's Gadget Boutique.
 23286 | Vaults:1 | Bought a potion of haste for 160 gold pieces
 23286 | Vaults:1 | Bought 2 potions of heal wounds for 160 gold pieces
 23286 | Vaults:1 | Bought a potion of heal wounds for 80 gold pieces
 23286 | Vaults:1 | Bought a potion of heal wounds for 80 gold pieces
 23286 | Vaults:1 | Bought a potion of heal wounds for 80 gold pieces
 23286 | Vaults:1 | Bought a potion of haste for 160 gold pieces
 23286 | Vaults:1 | Bought 2 potions of curing for 96 gold pieces
 23286 | Vaults:1 | Bought a potion of brilliance for 64 gold pieces
 23286 | Vaults:1 | Bought a potion of mutation for 128 gold pieces
 23286 | Vaults:1 | Bought a potion of curing for 48 gold pieces
 23286 | Vaults:1 | Bought 2 potions of ambrosia for 256 gold pieces
 23286 | Vaults:1 | Bought a potion of flight for 48 gold pieces
 23286 | Vaults:1 | Bought 2 potions of flight for 96 gold pieces
 23341 | Vaults:1 | Found Juolulun's Distillery.
 23349 | Vaults:1 | Bought a potion of agility for 68 gold pieces
 23349 | Vaults:1 | Bought a potion of brilliance for 68 gold pieces
 23349 | Vaults:1 | Bought a potion of brilliance for 68 gold pieces
 23349 | Vaults:1 | Bought a potion of curing for 51 gold pieces
 23349 | Vaults:1 | Bought a potion of curing for 51 gold pieces
 23349 | Vaults:1 | Bought a potion of curing for 51 gold pieces
 23349 | Vaults:1 | Bought a potion of curing for 51 gold pieces
 23349 | Vaults:1 | Bought a potion of curing for 51 gold pieces
 23349 | Vaults:1 | Bought a potion of curing for 51 gold pieces
 23706 | Vaults:4 | Received a gift from Okawaru
 23859 | Vaults:4 | Found a hazy altar of Hepliaklqana.
 23946 | Vaults:4 | Reached XP level 22. HP: 165/165 MP: 34/36
 23994 | Vaults:5 | Entered Level 5 of the Vaults
 24278 | Vaults:5 | Reached skill level 15 in Unarmed Combat
 24394 | Vaults:5 | Received a gift from Okawaru
 24394 | Vaults:5 | Reached skill level 1 in Hexes
 24394 | Vaults:5 | Reached skill level 1 in Air Magic
 24473 | Vaults:5 | Noticed a golden dragon
 24483 | Vaults:5 | Reached skill level 5 in Hexes
 24497 | Vaults:5 | Reached skill level 5 in Air Magic
 24505 | Vaults:5 | Killed a golden dragon
 24535 | Vaults:5 | Received a gift from Okawaru
 24616 | Vaults:5 | Cast into level 2 of the Abyss (deep elf elementalist)
 24815 | Abyss:2  | Reached skill level 8 in Translocations
 25059 | Abyss:2  | Reached skill level 9 in Translocations
 25061 | Vaults:5 | Escaped the Abyss
 25154 | Vaults:5 | Got a heavily runed bronze amulet
 25163 | Vaults:5 | Identified the Tome of Dark Rites
 25167 | Vaults:5 | Got a silver rune of Zot
 25273 | Vaults:5 | Reached skill level 10 in Translocations
 25290 | Vaults:5 | Found Kacadeze's Food Boutique.
 25303 | Vaults:5 | Identified the amulet of Qittuoxi {Reflect rElec Int+4 SH+6} (You took it off a deep elf high priest on level 5 of the Vaults)
 25343 | Vaults:5 | Received a gift from Okawaru
 25344 | Vaults:5 | Reached XP level 23. HP: 171/171 MP: 26/37
 25360 | Vaults:5 | Noticed an ancient lich
 25366 | Vaults:5 | Killed an ancient lich
 25436 | Vaults:5 | Reached skill level 11 in Translocations
 25476 | Vaults:5 | Learned a level 6 spell: Deflect Missiles
 25482 | Vaults:5 | Identified the Papyrus of Orthodoxy
 25534 | Vaults:5 | Noticed a golden dragon
 25552 | Vaults:5 | Killed a golden dragon
 25619 | Vaults:5 | Noticed a golden dragon
 25632 | Vaults:5 | Killed a golden dragon
 25662 | Vaults:5 | Identified the Tome of Assistive Creation
 25780 | Vaults:5 | Got a clouded silver ring
 25821 | Vaults:5 | Identified the ring "Fosch" {*Tele Dex+2 Stlth+} (You found it on level 5 of the Vaults)
 25894 | Vaults:3 | Received a gift from Okawaru
 26097 | Vaults:3 | Reached skill level 12 in Translocations
 26116 | Vaults:3 | Found a staircase to the Crypt.
 26116 | Vaults:3 | Found an ancient bone altar of Kikubaaqudgha.
 26117 | Vaults:3 | Found a basalt altar of Yredelemnul.
 26125 | Crypt:1  | Entered Level 1 of the Crypt
 26203 | Crypt:2  | Noticed Boris
 26221 | Crypt:2  | Killed Boris
 26269 | Crypt:2  | Noticed Bai Suzhen
 26296 | Crypt:2  | Killed Bai Suzhen
 26321 | Crypt:2  | Received a gift from Okawaru
 26404 | Crypt:2  | Reached XP level 24. HP: 178/178 MP: 30/37
 26510 | Crypt:3  | Entered Level 3 of the Crypt
 26553 | Crypt:2  | Paralysed by a vampire knight for 2 turns
 26836 | Crypt:3  | Received a gift from Okawaru
 26866 | Crypt:3  | Found a staircase to the Tomb.
 27253 | Crypt:3  | Identified the Catalogue of Evil Secrets
 27260 | Crypt:3  | Learned a level 4 spell: Control Undead
 27372 | Crypt:3  | Noticed Jory
 27400 | Crypt:3  | Killed Jory
 27400 | Crypt:3  | Reached skill level 13 in Translocations
 27402 | Crypt:3  | Identified the amulet "Kuwu" {Faith rF+ MR+ MP+9} (You took it off Jory on level 3 of the Crypt)
 27464 | Crypt:3  | Identified the Incunabulum of Harmful Summoning
 27603 | Tomb:1   | Entered Level 1 of the Tomb of the Ancients
 27744 | Tomb:1   | Received a gift from Okawaru
 28006 | Tomb:1   | Noticed a greater mummy
 28007 | Tomb:1   | Noticed a greater mummy
 28057 | Tomb:1   | Killed a greater mummy
 28068 | Tomb:1   | Killed a greater mummy
 28098 | Tomb:1   | Noticed a greater mummy
 28144 | Tomb:1   | Killed a greater mummy
 28148 | Tomb:1   | Reached XP level 25. HP: 184/184 MP: 28/37
 28384 | Tomb:2   | Noticed a greater mummy
 28384 | Tomb:2   | Noticed a greater mummy
 28384 | Tomb:2   | Noticed a greater mummy
 28384 | Tomb:2   | Noticed a greater mummy
 28437 | Tomb:2   | Identified the ring "Nievugr Lirr" {Ice rElec Dex+2 SInv} (You acquired it on level 2 of the Tomb of the Ancients)
 28521 | Tomb:2   | Killed a greater mummy
 28560 | Tomb:2   | Killed a greater mummy
 28589 | Tomb:2   | Killed a greater mummy
 28606 | Tomb:2   | Killed a greater mummy
 28606 | Tomb:2   | Received a gift from Okawaru
 28909 | Tomb:1   | Noticed a greater mummy
 28911 | Tomb:1   | Noticed a greater mummy
 28925 | Tomb:1   | Killed a greater mummy
 28929 | Tomb:1   | Killed a greater mummy
 28950 | Tomb:1   | Noticed a greater mummy
 28961 | Tomb:1   | Killed a greater mummy
 29017 | Tomb:1   | Noticed a greater mummy
 29055 | Tomb:1   | Killed a greater mummy
 29098 | Tomb:1   | Noticed a greater mummy
 29113 | Tomb:1   | Killed a greater mummy
 29116 | Tomb:1   | Noticed a greater mummy
 29127 | Tomb:1   | Killed a greater mummy
 29161 | Tomb:1   | Noticed a greater mummy
 29177 | Tomb:1   | Killed a greater mummy
 29219 | Tomb:1   | Noticed a greater mummy
 29258 | Tomb:1   | Killed a greater mummy
 29299 | Tomb:1   | Noticed a greater mummy
 29310 | Tomb:1   | Killed a greater mummy
 29339 | Tomb:1   | Noticed a greater mummy
 29368 | Tomb:1   | Killed a greater mummy
 29417 | Tomb:1   | Noticed a greater mummy
 29427 | Tomb:1   | Killed a greater mummy
 29427 | Tomb:1   | Reached skill level 14 in Translocations
 29524 | Tomb:1   | Noticed a greater mummy
 29545 | Tomb:1   | Killed a greater mummy
 29563 | Tomb:1   | Noticed a greater mummy
 29577 | Tomb:1   | Killed a greater mummy
 29680 | Tomb:2   | Reached XP level 26. HP: 87/191 MP: 18/38
 29682 | Tomb:2   | Received a gift from Okawaru
 30256 | Tomb:3   | Entered Level 3 of the Tomb of the Ancients
 30266 | Tomb:3   | Noticed a greater mummy
 30269 | Tomb:3   | Noticed a greater mummy
 30449 | Tomb:3   | Killed a greater mummy
 30574 | Tomb:3   | Noticed a greater mummy
 30728 | Tomb:3   | Noticed a greater mummy
 30759 | Tomb:2   | Killed a greater mummy
 31491 | Tomb:2   | Killed a greater mummy
 31575 | Tomb:3   | Killed a greater mummy
 31598 | Tomb:3   | Identified the Handbook of the Escort and the Traveller
 31599 | Tomb:3   | Identified the amulet "Vieh" {RegenMP +Blink Str+4} (You found it on level 3 of the Tomb of the Ancients)
 31600 | Tomb:3   | Identified the cursed +0 helmet "Ighaeh" {Int+3} (You found it on level 3 of the Tomb of the Ancients)
 31626 | Tomb:3   | Got an ancient helmet
 31647 | Tomb:3   | Identified the +0 helmet of the Shore {MP+9} (You found it on level 3 of the Tomb of the Ancients)
 31658 | Tomb:3   | Noticed a greater mummy
 31677 | Tomb:3   | Killed a greater mummy
 31706 | Tomb:3   | Noticed Jorgrun
 31709 | Tomb:3   | Noticed a greater mummy
 31721 | Tomb:3   | Killed Jorgrun
 31731 | Tomb:3   | Killed a greater mummy
 31731 | Tomb:3   | Received a gift from Okawaru
 31775 | Tomb:3   | Got a golden rune of Zot
 31819 | Tomb:3   | Noticed a greater mummy
 31877 | Tomb:1   | Noticed a greater mummy
 31900 | Tomb:1   | Killed a greater mummy
 32336 | D:15     | Found a staircase to the Depths.
 32375 | Depths:1 | Entered Level 1 of the Depths
 32747 | Depths:1 | Got a scintillating wooden ring
 32752 | Depths:1 | Identified the ring "Pigeuw" {+Blink rN+ MR+ Dex-2 Stlth+} (You found it on level 1 of the Depths)
 32800 | Depths:1 | Found Burch's Gadget Shop.
 32801 | Depths:1 | Found Ynuffug's Jewellery Shoppe.
 32802 | Depths:1 | Found Gooquk's Gadget Shop.
 33066 | Depths:1 | Reached XP level 27. HP: 197/197 MP: 39/39
 33098 | Depths:2 | Reached skill level 15 in Translocations
 33169 | Depths:2 | Found a one-way gate to the infinite horrors of the Abyss.
 33331 | Depths:2 | Found a burning altar of Makhleb.
 33404 | Depths:2 | Identified the Volume of the Blaze and Conjuration
 33410 | Depths:2 | Got an ichor-stained robe
 33421 | Depths:2 | Identified the +2 robe of Kyasty {rN++ Str-5} (You found it on level 2 of the Depths)
 33452 | Depths:2 | Found a runed door.
 33536 | Depths:2 | Received a gift from Okawaru
 33658 | Depths:2 | Found a snail-covered altar of Cheibriados.
 33659 | Depths:2 | Found a blossoming altar of Fedhas.
 33681 | Depths:2 | Found an ornate altar of the Wu Jian Council.
 33682 | Depths:2 | Found a hide-covered altar of Uskayaw.
 33694 | Depths:2 | Found a runed door.
 33825 | Depths:2 | Found a gateway to Hell.
 34050 | Depths:2 | Found an ornate altar of the Wu Jian Council.
 34085 | Depths:2 | Identified Sif Muna's Compendium of the Rocks and Protection
 34089 | Depths:2 | Identified the amulet "Gilautum" {Inacc Dex+2} (You found it on level 2 of the Depths)
 34109 | Depths:2 | Found a runed door.
 34110 | Depths:2 | Found a runed door.
 34114 | Depths:2 | Found a runed door.
 34119 | Depths:2 | Received a gift from Okawaru
 34592 | Depths:2 | Reached skill level 16 in Translocations
 34933 | Depths:3 | Noticed the Enchantress
 34994 | Depths:3 | Killed the Enchantress
 35124 | Depths:3 | Identified the +5 faerie dragon scales {*Drain +Blink rCorr MP+9 Str-5 Clar} (You took it off the Enchantress on level 3 of the Depths)
 35461 | Depths:5 | Entered Level 5 of the Depths
 35490 | Depths:5 | Received a gift from Okawaru
 35578 | Depths:5 | Noticed Margery
 35611 | Depths:5 | Killed Margery
 35626 | Depths:5 | Found a one-way gate leading to the halls of Pandemonium.
 35971 | Depths:4 | Received a gift from Okawaru
 36402 | Depths:3 | Found a bloodstained altar of Trog.
 36421 | Depths:3 | Reached skill level 10 in Evocations
 36480 | Pan      | Entered Pandemonium
 36504 | Pan      | Reached skill level 10 in Stealth
 36564 | Pan      | Upgraded the game from 0.21-a0-55-gb612c23 to 0.21-a0-59-g7b0e191
 36887 | Pan      | Found an exit through the horrors of the Abyss.
 36902 | Pan      | Took an exit into the Abyss.
 36902 | Abyss:1  | Escaped into the Abyss
 37164 | Abyss:2  | Found a corrupted altar of Lugonu.
 37240 | Depths:3 | Escaped the Abyss
 37243 | Pan      | Entered Pandemonium
 37527 | Pan      | Noticed Jataq the pandemonium lord
 37542 | Pan      | Killed Jataq the pandemonium lord
 37551 | Pan      | Gained mutation: Your body sometimes deteriorates upon taking damage. [a neqoxec]
 37736 | Pan      | Noticed Ucoywnyi the pandemonium lord
 37991 | Pan      | Found an exit through the horrors of the Abyss.
 37996 | Pan      | Took an exit into the Abyss.
 37996 | Abyss:1  | Escaped into the Abyss
 38128 | Abyss:1  | Gained mutation: Your mind is acute. (Int +2) [a cacodemon]
 38200 | Abyss:1  | Received a gift from Okawaru
 38233 | Depths:3 | Escaped the Abyss
 38235 | Pan      | Entered Pandemonium
 38283 | Pan      | Got a vibrating platinum ring
 38285 | Pan      | Identified the ring of Qeshyir {Wiz rElec rC+ rN+ Dex-4} (You acquired it in Pandemonium)
 38400 | Pan      | Noticed Fiec Nat the pandemonium lord
 38410 | Depths:3 | Escaped Pandemonium
 38521 | Pan      | Entered Pandemonium
 38747 | Pan      | Noticed Siheta the pandemonium lord
 38754 | Pan      | Entered the realm of Cerebov.
 39172 | Pan      | Got a flickering steel ring
 39174 | Pan      | Identified the ring of Dim Light {rF++ rC+ MR+++ Dex-5 SInv} (You took it off a balrug in Pandemonium)
 39398 | Pan      | Noticed Cerebov
 39401 | Pan      | Got a fiery rune of Zot
 39714 | Pan      | Noticed Qiuck the pandemonium lord
 39732 | Pan      | Killed Qiuck the pandemonium lord
 39796 | Pan      | Gained mutation: Armour fits poorly on your strangely shaped body. [a cacodemon]
 39839 | Pan      | Found a transporter.
 39874 | Pan      | Found a transporter.
 39926 | Depths:3 | Escaped Pandemonium
 39928 | Pan      | Entered Pandemonium
 39963 | Pan      | Found an exit through the horrors of the Abyss.
 39974 | Pan      | Took an exit into the Abyss.
 39974 | Abyss:1  | Escaped into the Abyss
 40095 | Depths:3 | Escaped the Abyss
 40097 | Pan      | Entered the realm of Lom Lobon.
 40097 | Pan      | Entered Pandemonium
 40105 | Pan      | Found an exit through the horrors of the Abyss.
 40496 | Pan      | Received a gift from Okawaru
 41019 | Pan      | Noticed Lom Lobon
 41051 | Pan      | Got a magical rune of Zot
 41085 | Pan      | Entered the realm of Mnoleg.
 41117 | Pan      | Gained mutation: Your body often deteriorates upon taking damage. [a cacodemon]
 41123 | Pan      | Reached skill level 1 in Throwing
 41141 | Pan      | Gained mutation: Your magical capacity is low. (-10% MP) [a neqoxec]
 41230 | Pan      | Reached skill level 5 in Throwing
 41289 | Pan      | Noticed Mnoleg
 41296 | Pan      | Got a glowing rune of Zot
 41679 | Pan      | Noticed Edeuwi the pandemonium lord
 41710 | Pan      | Killed Edeuwi the pandemonium lord
 41756 | Pan      | Received a gift from Okawaru
 41765 | Pan      | Entered the realm of Gloorx Vloq.
 41766 | Pan      | Found an exit through the horrors of the Abyss.
 42006 | Pan      | Noticed Gloorx Vloq
 42160 | Pan      | Received a gift from Okawaru
 42170 | Pan      | Reached skill level 10 in Throwing
 42226 | Pan      | Noticed Mnoleg
 42249 | Pan      | Killed Mnoleg
 42268 | Pan      | Lost mutation: Armour fits poorly on your strangely shaped body. [a neqoxec]
 42454 | Pan      | Got a dark rune of Zot
 42486 | Pan      | Noticed Nevyrgh the pandemonium lord
 42493 | Pan      | Found a runed door.
 42495 | Pan      | Found a runed door.
 42496 | Pan      | Found a runed door.
 42502 | Pan      | Found a runed door.
 42517 | Pan      | Noticed Yniak the pandemonium lord
 42523 | Pan      | Gained mutation: You occasionally shout uncontrollably at your foes. [a cacodemon]
 42623 | Pan      | Noticed Lom Lobon
 42636 | Pan      | Gained mutation: You sometimes yell uncontrollably at your foes. [a cacodemon]
 42641 | Pan      | Lost mutation: You possess an exceptional clarity of mind. [a cacodemon]
 42712 | Pan      | Found an exit through the horrors of the Abyss.
 42837 | Pan      | Received a gift from Okawaru
 42882 | Pan      | Noticed Tib Iss the pandemonium lord
 42885 | Pan      | Got a demonic rune of Zot
 42933 | Pan      | Took an exit into the Abyss.
 42933 | Abyss:1  | Escaped into the Abyss
 43399 | Abyss:3  | Found a corrupted altar of Lugonu.
 43462 | Abyss:3  | Received a gift from Okawaru
 43625 | Abyss:3  | Gained mutation: You tend to lose your temper in combat. [a neqoxec]
 43640 | Abyss:3  | Received a gift from Okawaru
 43660 | Abyss:3  | Paralysed by accursed screaming for 1 turns
 43663 | Abyss:3  | Paralysed by accursed screaming for 2 turns
 43733 | Abyss:3  | Lost mutation: Your body often deteriorates upon taking damage. [potion of mutation]
 43733 | Abyss:3  | Lost mutation: Your magical capacity is low. (-10% MP) [potion of mutation]
 43733 | Abyss:3  | Lost mutation: Your flesh is heat resistant. (rF+) [potion of mutation]
 43733 | Abyss:3  | Lost mutation: You have extremely sharp teeth. [potion of mutation]
 43733 | Abyss:3  | Lost mutation: You sometimes yell uncontrollably at your foes. [potion of mutation]
 43733 | Abyss:3  | Lost mutation: You have a pair of small horns on your head. [potion of mutation]
 43733 | Abyss:3  | Gained mutation: Your flesh is cold resistant. (rC+) [potion of mutation]
 43734 | Abyss:3  | Lost mutation: Your body sometimes deteriorates upon taking damage. [potion of mutation]
 43734 | Abyss:3  | Lost mutation: Your flesh is cold resistant. (rC+) [potion of mutation]
 43734 | Abyss:3  | Lost mutation: You occasionally shout uncontrollably at your foes. [potion of mutation]
 43734 | Abyss:3  | Lost mutation: Your spells are a little easier to cast, but a little less powerful. [potion of mutation]
 43734 | Abyss:3  | Lost mutation: Your mind is acute. (Int +2) [potion of mutation]
 43734 | Abyss:3  | Lost mutation: You are agile. (Dex +2) [potion of mutation]
 43734 | Abyss:3  | Gained mutation: You have a somewhat thin skeletal structure. (Dex +2, Stealth) [potion of mutation]
 43734 | Abyss:3  | Gained mutation: Your system is resistant to poisons. (rPois) [potion of mutation]
 43735 | Abyss:3  | Lost mutation: You have a somewhat thin skeletal structure. (Dex +2, Stealth) [potion of mutation]
 43735 | Abyss:3  | Lost mutation: You can translocate small distances at will. [potion of mutation]
 43735 | Abyss:3  | Lost mutation: You are surrounded by a mild repulsion field. (EV +2) [potion of mutation]
 43735 | Abyss:3  | Gained mutation: Your flesh is heat resistant. (rF+) [potion of mutation]
 43736 | Abyss:3  | Lost mutation: You tend to lose your temper in combat. [potion of mutation]
 43736 | Abyss:3  | Lost mutation: Your system is resistant to poisons. (rPois) [potion of mutation]
 43736 | Abyss:3  | Lost mutation: Your flesh is heat resistant. (rF+) [potion of mutation]
 43736 | Abyss:3  | Gained mutation: Your muscles are strong. (Str +2) [potion of mutation]
 43736 | Abyss:3  | Gained mutation: Your muscles are very strong. (Str +4) [potion of mutation]
 43736 | Abyss:3  | Gained mutation: Your flesh is heat resistant. (rF+) [potion of mutation]
 43736 | Abyss:3  | Gained mutation: You can translocate small distances at will. [potion of mutation]
 43837 | Abyss:3  | Noticed an ancient lich
 43846 | Abyss:3  | Killed an ancient lich
 44021 | Abyss:4  | Received a gift from Okawaru
 44124 | Abyss:4  | Paralysed by accursed screaming for 1 turns
 44163 | Abyss:4  | Got an abyssal rune of Zot
 44188 | Abyss:5  | Entered Level 5 of the Abyss
 44232 | Depths:3 | Escaped the Abyss
 44239 | Depths:3 | Received a gift from Okawaru
 44469 | Hell     | Entered the Vestibule of Hell
 44469 | Hell     | Noticed Geryon
 44650 | Hell     | Killed Geryon
 44752 | Hell     | Found a gateway to the freezing wastes of Cocytus.
 44872 | Coc:1    | Entered Level 1 of Cocytus
 45105 | Coc:7    | Entered Level 7 of Cocytus
 45170 | Coc:7    | Received a gift from Okawaru
 45383 | Coc:7    | Received a gift from Okawaru
 45688 | Coc:7    | Noticed Antaeus
 45690 | Coc:7    | Got an icy rune of Zot
 45820 | Hell     | Noticed Murray
 45842 | Hell     | Killed Murray
 45875 | Hell     | Found a gateway to the Iron City of Dis.
 45882 | Dis:1    | Entered Level 1 of the Iron City of Dis
 45965 | Dis:1    | Received a gift from Okawaru
 46385 | Dis:2    | Received a gift from Okawaru
 46401 | Dis:2    | Got a faintly humming helmet {god gift}
 46412 | Dis:2    | Identified the +0 helmet of the Spider Nest {rC+ Str+3 Stlth+} (Okawaru gifted it to you on level 2 of the Iron City of Dis)
 46947 | Dis:5    | You fall through a shaft!
 47124 | Dis:7    | Entered Level 7 of the Iron City of Dis
 47558 | Dis:7    | Noticed the Serpent of Hell
 47565 | Dis:7    | Noticed Dispater
 47571 | Dis:7    | Got an iron rune of Zot
 47610 | Dis:7    | Gained mutation: Your body sometimes deteriorates upon taking damage. [mutagenic glow]
 47752 | Hell     | Found a gateway to the ashen valley of Gehenna.
 47776 | Geh:1    | Entered Level 1 of Gehenna
 47940 | Geh:3    | Received a gift from Okawaru
 48229 | Geh:5    | Received a gift from Okawaru
 48723 | Geh:6    | Received a gift from Okawaru
 48932 | Geh:7    | Entered Level 7 of Gehenna
 49144 | Geh:7    | Received a gift from Okawaru
 49647 | Geh:7    | Noticed Asmodeus
 49760 | Geh:7    | Received a gift from Okawaru
 49825 | Geh:7    | Got an obsidian rune of Zot
 49906 | Geh:7    | Reached skill level 17 in Translocations
 49997 | Hell     | Received a gift from Okawaru
 50019 | Hell     | Found a gateway to the decaying netherworld of Tartarus.
 50028 | Tar:1    | Entered Level 1 of Tartarus
 50509 | Tar:7    | Entered Level 7 of Tartarus
 50679 | Tar:7    | Received a gift from Okawaru
 50903 | Tar:7    | Received a gift from Okawaru
 51000 | Tar:7    | Received a gift from Okawaru
 51168 | Tar:7    | Noticed an ancient lich
 51168 | Tar:7    | Received a gift from Okawaru
 51182 | Tar:7    | Killed an ancient lich
 51201 | Tar:7    | Received a gift from Okawaru
 51313 | Tar:7    | Received a gift from Okawaru
 51346 | Tar:7    | Noticed Ereshkigal
 51386 | Tar:7    | Killed Ereshkigal
 51432 | Tar:7    | Got a bone rune of Zot
 51610 | Depths:5 | Received a gift from Okawaru
 51823 | Depths:5 | Found a gate to the Realm of Zot.
 51829 | Zot:1    | Entered Level 1 of the Realm of Zot
 51876 | Zot:1    | Reached skill level 15 in Fighting
 51923 | Zot:1    | Received a gift from Okawaru
 51982 | Zot:1    | Received a gift from Okawaru
 52211 | Zot:1    | Received a gift from Okawaru
 52287 | Zot:1    | Received a gift from Okawaru
 52348 | Zot:2    | Received a gift from Okawaru
 52607 | Zot:3    | Received a gift from Okawaru
 52937 | Zot:5    | Entered Level 5 of the Realm of Zot
 53190 | Zot:5    | Noticed an ancient lich
 53371 | Zot:5    | Killed an ancient lich
 53396 | Zot:5    | Noticed an ancient lich
 53418 | Zot:5    | Noticed an orb of fire
 53420 | Zot:5    | Gained mutation: Armour fits poorly on your strangely shaped body. [an orb of fire]
 53421 | Zot:5    | Gained mutation: You are frail. (-10% HP) [an orb of fire]
 53426 | Zot:5    | Noticed an ancient lich
 53430 | Zot:5    | Noticed an ancient lich
 53441 | Zot:5    | Got the Orb of Zot
 53458 | Zot:5    | Noticed an orb of fire
 53463 | Zot:5    | Noticed Gloorx Vloq
 53482 | Zot:5    | Gained mutation: You are clumsy. (Dex -2) [an orb of fire]
 53639 | Depths:5 | Lost mutation: You are clumsy. (Dex -2) [potion of mutation]
 53639 | Depths:5 | Lost mutation: Your body sometimes deteriorates upon taking damage. [potion of mutation]
 53639 | Depths:5 | Lost mutation: You are frail. (-10% HP) [potion of mutation]
 53639 | Depths:5 | Gained mutation: You are surrounded by a mild repulsion field. (EV +2) [potion of mutation]
 53639 | Depths:5 | Gained mutation: You are agile. (Dex +2) [potion of mutation]
 53666 | Depths:4 | Noticed Xynaebly the pandemonium lord
 53761 | Depths:1 | Gained mutation: You are frail. (-10% HP) [a cacodemon]
 53764 | Depths:1 | Lost mutation: You are agile. (Dex +2) [a cacodemon]
 53771 | Depths:1 | Received a gift from Okawaru
 54095 | D:2      | Noticed Keuce the pandemonium lord
 54104 | D:2      | Noticed Izotaxusk the pandemonium lord
 54108 | D:2      | Killed Keuce the pandemonium lord
 54118 | D:2      | Gained mutation: You are very frail. (-20% HP) [a neqoxec]
 54155 | D:$      | Escaped with the Orb!

Vault maps used:
D:1:      dpeg_arrival_arbitrary_c
D:2:      chequers_ecumenical_altar_simple_redux
D:3:      kennysheep_big_flooded_room, first_bread
D:4:      vehumet_statue, cheibrodos_sewer_entry_bend, serial_shops,
          nicolae_shop_behind_doors, okawaru_altar_gauntlet_db, uniq_menkaure
D:5:      grunt_temple_overflow_diamond, nicolae_ossuary_entry_ruins
D:6:      lemuel_doored_altar, minmay_temple_entry_poolview, serial_shops,
          kennysheep_mini, nicolae_shop_window_shopping
D:7:      grunt_livestock, nicolae_ru_path_of_blood
D:8:      lemuel_round_altar
D:9:      uniq_joseph, uniq_psyche
D:10:     erik_lair_dragon, minmay_orc_entry_temple_small, serial_shops,
          nicolae_shop_crystal, nicolae_shop_temple_entry_statues_fountains,
          shop, shop, kennysheep_little_box
D:12:     enter_bailey_1, minmay_orc_keep
D:13:     regret_index_wax_grids, david_vaults_2, minmay_misc_feat_five,
          nicolae_benzene_ring, minmay_misc_feat_square
D:14:     minmay_tree_intersection, basic_altar, lab_entry_generic
D:15:     grunt_enter_depths_giant_problem, basic_altar,
          hangedman_abyss_or_decor_clamps, glass_columns_b
Lair:1:   grunt_megastairs_4
Lair:2:   grunt_forest_large_clearings, uniq_erica, uniq_nergalle
Lair:3:   minmay_shoals_entry_centaurs, guppyfry_snake_entry_island,
          grunt_megastairs_2, uniq_urug
Lair:4:   beast_lair_carwin_large_3, basic_altar, special_room
Lair:5:   slime_altar_1, infiniplex_staircase_pool, grunt_megastairs_1
Lair:6:   wormcave, guppyfry_lair_end_dragon, lemuel_oklob_altar,
          lemuel_fruit_fields, lemuel_fruit_fields, minmay_lair_oklob_chamber
Shoals:4: shoals_end_grunt_ice, shoals_ilsuiw_ice, nicolae_shoals_isolated_beach
Snake:1:  kennysheep_snake, nicolae_snake_shapes
Snake:2:  uniq_donald, uniq_frances, uniq_vashnia
Snake:3:  minmay_snake_river, serial_shops, shop, nicolae_shop_statue_plus,
          shop, basic_altar
Snake:4:  snake_hunt, serial_bayou, serial_bayou_pond_d, serial_bayou_lake_a,
          serial_bayou_lagoon_b, serial_bayou_pond_e, serial_bayou_lagoon_a,
          st_stairs_10
Slime:2:  nicolae_slime_phagocytosis
Slime:3:  cheibrodos_slime_lost_civilization_3
Orc:1:    lemuel_ogre_cave, portal_ice_cave_rime
Orc:2:    kennysheep_orc_mage_school, uniq_maurice, uniq_nessos
Elf:1:    minmay_elf_arrival_plus, hangedman_elf_represent
Elf:3:    minmay_elf_hall_four_x, serial_shops, shop
Vaults:1: v_misc_23, hangedman_vaults_nodes, hangedman_vaults_impose,
          v_pattern_4, hangedman_vaults_corner_blocks,
          nicolae_vaults_windows_and_doors_thing,
          nicolae_vaults_network_barrier, ontoclasm_vaults_gateway,
          nicolae_vaults_little_squares_3, ontoclasm_vaults_decontamination,
          serial_shops, nicolae_shop_behind_doors, shop, shop, shop,
          nicolae_shop_trees, uniq_asterion
Vaults:2: v_misc_30, grunt_vaults_focal, nicolae_vaults_theta, v_misc_29,
          vaults_standard_mumra_x, nicolae_vaults_specimen_jars,
          nicolae_vaults_little_squares_2, v_pattern_3,
          hangedman_vaults_slither, serial_ice_g, grunt_vaults_bifocal,
          v_misc_8, ontoclasm_vaults_bender, hangedman_vaults_stretched_pinwheel
Vaults:3: nicolae_vaults_little_squares_6, v_pattern_5,
          minmay_crypt_entry_necro_gods, nicolae_vaults_ring_of_whatevers,
          nicolae_vaults_alarming, vaults_dpeg_diagonal, v_misc_18,
          nicolae_vaults_diagonal_hallway_7
Vaults:4: ontoclasm_vaults_fault, v_alt_pattern_4, vaults_room_fours,
          v_alt_pattern_6, ontoclasm_vaults_shout, v_misc_8, v_misc_22,
          hangedman_vaults_variations, vaults_room_grid, basic_altar
Crypt:1:  evilmike_wizard_prison
Crypt:2:  grunt_ministairs_11, basic_stair_grate_trap, uniq_boris,
          uniq_bai_suzhen
Crypt:3:  due_elkab
Tomb:3:   uniq_jorgrun
Depths:1: minivault_14, pf_vacation_house_of_asmodeus, spider_trap,
          minmay_multi_spiral, minmay_shop_grove, serial_bayou_shore_a
Depths:2: minmay_the_grid_ultimate, abyss_entry, hell_entry
Depths:3: spriggan_forest, pan_entry, serial_shops, hell_entry
Depths:4: kennysheep_funnel, hell_entry, serial_bayou_ford_a, abyss_entry
Depths:5: evilmike_zot_entry_basic, rand_demon_pan_entry_5,
          minmay_splitting_lines, grunt_hell_entry_dis_old,
          hangedman_decor_push, grunt_ministairs_6, kb_rosetta,
          serial_bayou_shore_b, uniq_margery
Dis:1:    lightli_tower_of_babel
Dis:7:    dis_grunt_layers
Geh:7:    geh_hangedman
Coc:4:    hangedman_feature_mirror
Coc:7:    coc_grunt
Tar:1:    nicolae_tar_cuneiform_bird
Tar:3:    door_vault
Tar:7:    tar_old
Zot:1:    grunt_megastairs_3
Abyss:2:  minivault_25_ag
Abyss:3:  nicolae_abyss_rune_left_handed, evilmike_abyss_exit_glass,
          due_evilmike_abyss_rune_seething_liches
Abyss:4:  hangedman_abyss_rune_macabre_mess, guppyfry_abyss_exit_spiral_guarded,
          minivault_5, grunt_abyss_rune_forest_and_sorcery,
          hangedman_abyss_or_decor_lesser_grid
Abyss:5:  minivault_25, lemuel_flamethrower_3, nicolae_abyss_rune_star_stuff,
          evilmike_abyss_exit_mutagenic, serial_sigils_hangedman_quiver,
          evilmike_abyss_exit_15, evilmike_abyss_exit_6, minivault_11
Pan:      evilmike_mini_pan_3x3, uniq_mennas_pan, rand_demon_1,
          pan_blood_fountain, nicolae_pan_lom_lobonic_1, lemuel_hall_of_pain,
          special_room, pan_blood_fountain_small, pan_blood_fountain,
          evilmike_mini_pan_doors_b, pan_blood_fountain_small, pan_surprise,
          grunt_pan_pentagram, pan_blood_fountain_small,
          nicolae_pan_lom_lobonic_1, evilmike_mini_pan_pillars_b,
          nicolae_pan_gloorx_vloqian_1, lemuel_hellion_island,
          nicolae_pan_sick_transit, regret_index_pan_draining_boxed,
          rand_demon_2, pan_blood_fountain_small, rand_demon_8,
          grunt_pan_spiral, nicolae_pan_door_chamber, pan_blood_fountain,
          rand_demon_8, evilmike_mini_pan_pillars, pan_blood_fountain,
          rand_demon_6, cerebov_grunt_fire_and_steel, nicolae_pan_sigil_nadil,
          reaverb_pan_chaos_star, evilmike_mini_pan_branches, uniq_mennas_pan,
          reaverb_pan_squares, nicolae_pan_gloorx_vloqian_3,
          evilmike_mini_pan_T, nicolae_pan_mnolegish_3, rand_demon_7,
          gammafunk_dig_for_victory, rand_demon_5, uniq_cerebov,
          lom_lobon_grunt_wind_tunnels, pan_blood_fountain_2, mnoleg_st,
          rand_demon_4, uniq_lom_lobon, pan_blood_fountain_small, rand_demon_8,
          nicolae_pan_sick_transit, rand_demon_5, nicolae_pan_cerebovesque_3,
          gloorx_vloq, pan_blood_fountain_2, uniq_mnoleg,
          evilmike_mini_pan_doors, rand_demon_7, nicolae_pan_mnolegish_5,
          grunt_pan_in_and_out, uniq_mennas_pan, nicolae_pan_sigil_obb,
          nicolae_pan_sick_transit, nicolae_pan_gloorx_vloqian_3,
          grunt_pan_spiral, uniq_lom_lobon, grunt_pan_frozen_over,
          pan_blood_fountain, pan_blood_fountain_small
Sewer:    kennysheep_door_sewer
Ossuary:  ossuary_minmay_tomb_2a
Bailey:   bailey_axe_of_yendor_kennysheep, bailey
IceCv:    ice_cave_small_giant

Skill      XL: |  1  2  3  4  5  6  7  8  9 10 11 12 13 14 15 16 17 18 19 20 21 22 23 24 25 26 27 |
---------------+----------------------------------------------------------------------------------+-----
Unarmed Combat | 4 5 6 7 8 9 10 11 12 13 14 15 | 15.0
Shields        | 2 3 4 5 6 7 8 9 10 | 10.0
Invocations    | 2 3 5 6 7 8 9 10 12 | 12.0
Dodging        | 3 4 6 7 8 9 10 11 | 11.0
Fighting       | 3 5 6 8 9 10 11 12 15 | 15.4
Armour         | 3 6 7 |  7.2
Evocations     | 5 8 12 | 12.0
Spellcasting   | 6 10 11 12 14 | 14.0
Necromancy     | 8 |  8.1
Charms         | 8 |  8.6
Translocations | 6 7 10 12 13 14 17 | 17.0
Transmutations | 9 10 | 10.1
Earth Magic    | 9 10 | 10.1
Stealth        | 8 10 | 10.1
Hexes          | 6 |  6.5
Air Magic      | 6 |  6.3
Throwing       | 11 | 11.0

Action                   |  1- 3 |  4- 6 |  7- 9 | 10-12 | 13-15 | 16-18 | 19-21 | 22-24 | 25-27 || total
-------------------------+-------+-------+-------+-------+-------+-------+-------+-------+-------++-------
Melee: Unarmed           |   135 |   158 |   361 |   868 |  1569 |  1494 |  1488 |  1497 |  7426 || 14996
       Bite              |    11 |     8 |    32 |    95 |   214 |   162 |   188 |   201 |   773 ||  1684
       Punch             |     1 |     7 |     9 |       |       |       |       |       |       ||    17
       Demon blade       |       |       |       |     6 |       |       |       |       |       ||     6
       Headbutt          |       |       |       |       |   213 |   318 |   323 |   367 |   776 ||  1997
Throw: Throwing net      |       |       |       |       |       |     2 |       |       |     8 ||    10
 Cast: Regeneration      |       |       |       |       |     6 |    66 |    66 |    57 |   581 ||   776
       Apportation       |       |       |       |       |       |    18 |    48 |    46 |    92 ||   204
       Statue Form       |       |       |       |       |       |    31 |    53 |    51 |   332 ||   467
       Blink             |       |       |       |       |       |       |     7 |     3 |     7 ||    17
       Deflect Missiles  |       |       |       |       |       |       |       |     1 |     3 ||     4
       Passage of Golubr |       |       |       |       |       |       |       |     9 |    20 ||    29
       Silence           |       |       |       |       |       |       |       |     1 |    21 ||    22
       Controlled Blink  |       |       |       |       |       |       |       |       |    67 ||    67
Invok: Heroism           |       |       |    11 |    40 |    60 |    62 |    45 |    50 |   192 ||   460
       Finesse           |       |       |       |     2 |     8 |    14 |     5 |     7 |    39 ||    75
 Abil: End Transformatio |       |       |       |       |       |     2 |     8 |     5 |   178 ||   193
Evoke: Wand              |       |     6 |       |    10 |     5 |    15 |     5 |     3 |    65 ||   109
       Box of beasts     |       |       |       |       |     1 |     1 |     3 |       |     3 ||     8
       Lightning rod     |       |       |       |       |       |     4 |     4 |       |     4 ||    12
       Fan of gales      |       |       |       |       |       |       |       |       |     1 ||     1
  Use: Scroll            |     5 |     1 |     4 |    17 |     6 |    29 |    15 |     7 |    44 ||   128
       Potion            |       |       |     1 |     5 |     2 |    18 |     4 |     2 |    80 ||   112
 Stab: Sleeping          |     9 |     5 |     7 |     5 |     1 |     7 |     4 |     3 |    13 ||    54
       Distracted        |       |       |     1 |     1 |       |     1 |       |     3 |     6 ||    12
       Paralysed         |       |       |       |       |     2 |       |       |       |       ||     2
       Invisible         |       |       |       |       |     3 |       |       |       |     3 ||     6
       Held in net/web   |       |       |       |       |       |     1 |       |       |     1 ||     2
       Confused          |       |       |       |       |       |       |     1 |       |       ||     1
  Eat: Chunk             |     1 |     1 |     4 |    13 |     9 |    22 |     5 |     4 |    23 ||    82
       Meat ration       |       |     1 |       |       |     2 |     1 |       |     1 |    16 ||    21
       Fruit             |       |       |       |     7 |       |     1 |     8 |     3 |    14 ||    33
       Royal jelly       |       |       |       |     3 |     2 |     1 |    14 |     4 |     9 ||    33
       Bread ration      |       |       |       |       |       |       |       |     4 |    32 ||    36
Armor: Robe              |    20 |    41 |    25 |     8 |       |    22 |     6 |     1 |    98 ||   221
       Skin              |       |       |     4 |       |       |   176 |   350 |   347 |  2746 ||  3623
       Chain mail        |       |       |       |   206 |       |       |       |       |       ||   206
       Ring mail         |       |       |       |    56 |   290 |    44 |       |       |       ||   390
Dodge: Dodged            |    63 |   107 |   180 |   255 |   849 |  1483 |  1932 |  1388 |  7060 || 13317
       Deflected         |       |       |       |       |       |       |       |     8 |     5 ||    13
Block: Shield            |       |       |    18 |   413 |   903 |   120 |       |       |       ||  1454
       Buckler           |       |       |       |       |       |   686 |   975 |  1045 |  6127 ||  8833
       Reflection        |       |       |       |       |       |       |       |    15 |   109 ||   124
